 Dungeon Crawl Stone Soup version 0.29.0-13-gc9e81de378 (webtiles) character file.

Game seed: 11356540671505117253

3439 Persephone the Cruncher (level 9, -9/71 HPs)
             Began as a Minotaur Gladiator on Sept 7, 2022.
             Was a Follower of Hepliaklqana.
             Mangled by an orc warrior
             ... wielding a +0 battleaxe
              (20 damage)
             ... on level 8 of the Dungeon.
             The game lasted 00:15:23 (9135 turns).

Persephone the Cruncher (Minotaur Gladiator)        Turns: 9135, Time: 00:15:24

Health: -9/71      AC: 14    Str: 20 (23) XL:     9   Next: 77%
Magic:  8/8        EV:  7    Int:  3 (5)  God:    Hepliaklqana [*.....]
Gold:   488        SH:  0    Dex: 10 (12) Spells: 8/8 levels left

rFire   . . .      SeeInvis .   a - +1 quarterstaff
rCold   + . .      Faith    .   (shield currently unavailable)
rNeg    + . .      Spirit   .   r - +0 plate armour {rC+}
rPois   .          Reflect  .   c - +0 hat
rElec   .          Harm     .   A - +0 cloak {rCorr}
rCorr   +          Rampage  .   (no gloves)
Will    .....                   (no boots)
Stlth   ..........              (no amulet)
HPRegen 0.21/turn               o - ring of positive energy
MPRegen 0.11/turn               h - ring of resist corrosion

@: flying
A: reduced essence, horns 2, retaliatory headbutt
a: Renounce Religion, Recall Ancestor, Ancestor Identity


You were on level 8 of the Dungeon.
You worshipped Hepliaklqana.
Hepliaklqana was aware of your devotion.
You visited 2 branches of the dungeon, and saw 10 of its levels.

You collected 488 gold pieces.

Inventory:

Hand Weapons
 a - a +1 quarterstaff (weapon)
 B - a +2 quarterstaff of chaos
Missiles
 d - 2 throwing nets
 e - 4 javelins (quivered)
Armour
 b - a +0 leather armour
 c - a +0 hat (worn)
 r - a +0 plate armour of cold resistance (worn)
 A - a +0 cloak of preservation (worn)
Jewellery
 h - a ring of resist corrosion (right hand)
 n - an amulet of magic regeneration
 o - a ring of positive energy (left hand)
Scrolls
 i - a scroll of enchant armour {unknown}
 l - 4 scrolls of identify
 p - a scroll of teleportation
 s - 2 scrolls of enchant weapon
 y - a scroll of immolation {unknown}
 C - a scroll of silence {unknown}
Potions
 g - a potion of berserk rage {unknown}
 j - 4 potions of attraction
 k - 2 potions of haste
 m - 3 potions of degeneration
 q - 6 potions of curing
 t - 3 potions of flight
 u - 2 potions of heal wounds {unknown}
 w - 4 potions of mutation {unknown}
 x - a potion of brilliance {unknown}
 z - a potion of lignification {unknown}


   Skills:
 + Level 7.1 Fighting
 - Level 14.0 Staves
 - Level 2.0 Throwing
 + Level 6.5 Armour
 - Level 3.2 Dodging


You had 8 spell levels left.
You didn't know any spells.
Your spell library contained the following spells:

 Spells                   Type           Power      Damage    Failure   Level
 Poisonous Vapours        Pois/Air       0%         N/A       100%        2
 Static Discharge         Conj/Air       0%         3-3/arc   100%        2
 Conjure Flame            Conj/Fire      0%         6-21      100%        3
 Ignite Poison            Fire/Tmut/Pois 0%         N/A       100%        3
 Stone Arrow              Conj/Erth      0%         3d7       100%        3
 Animate Armour           Summ/Erth      0%         N/A       100%        4
 Corpse Rot               Necr/Pois/Air  0%         N/A       100%        4
 Dispel Undead            Necr           0%         3d6       100%        4
 Sticky Flame             Conj/Fire      0%         2d3       100%        4
 Irradiate                Conj/Tmut      0%         3d11      100%        5
 Iskenderun's Battlesphe  Conj           0%         2d6       100%        5
 Lightning Bolt           Conj/Air       0%         1d11      100%        5
 Lehudib's Crystal Spear  Conj/Erth      0%         10d2      100%        8


Dungeon Overview and Level Annotations

Branches:
Dungeon (9/15)             Temple (1/1) D:6             Orc (0/2) D:9
   Lair: D:8-11

Altars:
Ashenzari
Cheibriados
Dithmenos
Fedhas
Gozag
Hepliaklqana
Kikubaaqudgha
Makhleb
Nemelex Xobeh
Okawaru
Qazlal
Ru
Sif Muna
Trog
Uskayaw
Vehumet
Wu Jian
Yredelemnul
The Shining One

Annotations:
D:3 3 runed translucent doors, fingers's ghost, amateur TrCK
D:9 1 runed translucent door, freelancePsychic's ghost, novice FoFE


Innate Abilities, Weirdness & Mutations

Your life essence is reduced to manifest your ancestor. (-10% HP)
You have a pair of horns on your head.
You reflexively headbutt those who attack you in melee.


Message History

The orc warrior shoots a bolt.
The bolt hits you.
* * * LOW HITPOINT WARNING * * *
The orc throws a boomerang.
The boomerang hits you but does no damage.
The orc warrior shoots a bolt.
The bolt hits you.
* * * LOW HITPOINT WARNING * * *
It was a potion of degeneration.
There was something very wrong with that liquid.
You feel weakened.
You feel dopey.
You feel clumsy.
It was a potion of curing.
You feel better.
The orc warrior shoots a bolt.
The bolt barely misses you.
The orc warrior shoots a bolt.
The bolt hits you!
* * * LOW HITPOINT WARNING * * *
The orc wizard points at you and mumbles some strange words.
The magic dart hits Keminub!
Okay, then.
Unknown command.
Unknown command.
What are your orders? t - Shout!
Orders for allies: a - Attack new target. p - Attack previous target. r - Retreat! s - Stop attacking. g - Guard the area. f - Follow me.
Anything else - Cancel.
Gang up on whom?
Press: ? - help, Dir - move target, f - orc wizard, p - orc warrior
Aim: an orc wizard, wielding a +0 dagger and wearing a +0 robe (ally target) Attack!
The orc warrior shoots a bolt.
The bolt hits you!
* * * LOW HITPOINT WARNING * * *
The orc wizard hits Keminub with a +0 dagger.
Keminub barely misses the orc wizard.
You feel better.
The orc wizard hits Keminub with a +0 dagger.
Keminub hits the orc wizard.
It was a potion of flight.
You feel very buoyant.
You fly up into the air.
The orc warrior unwields a +0 arbalest.
The orc warrior wields a +0 battleaxe.
The orc warrior hits you with a +0 battleaxe!!
You die...

#...........###. #.
#............... #.
##........#####. #.
#..........####. #.
#...........#... #.
#...............
######.##...............
........#........)>.(...
.......@..R.............
......#o###o............ #.#.
..### #o###............. ...
.#####.................
##..##...........R...........
##......#####.[...###.....#...
##.........###....o###.########
#.....o......#..#(..Y..# ##.
#...............[.###..# #..


You could see the friendly Keminub the ancestor, an orc warrior, an orc wizard
(ally target) and an orc.

Vanquished Creatures
  Sigmund (D:2)
  A wraith (D:7)
  A yak (D:8)
  2 orc warriors
  2 ice beasts
  A black bear (D:7)
  An ogre (D:6)
  A centaur (D:5)
  A phantom (D:5)
  A kobold brigand (D:7)
  Blork the orc (D:5)
  3 necrophages
  2 scorpions
  3 wights (D:6)
  5 killer bees (D:7)
  4 howler monkeys
  5 orc priests
  3 hounds
  2 jellies (D:5)
  Crazy Yiuf (D:3)
  7 iguanas
  8 orc wizards
  Natasha (thrice) (D:3)
  A hell rat (D:8)
  Terence (D:3)
  Robin (D:2)
  3 gnolls (D:5)
  3 river rats
  10 adders
  A shadow imp (D:8)
  A white imp (D:7)
  2 worms
  4 dart slugs
  18 orcs
  10 ball pythons
  6 endoplasms
  3 giant cockroaches
  15 goblins
  12 hobgoblins
  4 jackals (D:1)
  14 kobolds
  3 quokkas
  4 bats
  6 frilled lizards
  6 rats
187 creatures vanquished.

Vanquished Creatures (collateral kills)
  An orc warrior (D:8)
  A necrophage (D:7)
  An orc wizard (D:7)
  2 orcs
  A kobold (D:7)
6 creatures vanquished.

Vanquished Creatures (others)
  4 ancestors
  2 plants (D:2)
6 creatures vanquished.

Grand Total: 199 creatures vanquished

Notes
Turn   | Place    | Note
-------+----------+-------------------------------------------
     0 | D:1      | Persephone the Minotaur Gladiator began the quest for the
                  | Orb.
     0 | D:1      | Reached XP level 1. HP: 18/18 MP: 0/0
    65 | D:1      | Reached skill level 4 in Staves
   261 | D:1      | Reached XP level 2. HP: 25/25 MP: 1/1
   592 | D:1      | Reached skill level 5 in Staves
   666 | D:1      | Reached XP level 3. HP: 29/30 MP: 2/2
   862 | D:2      | Noticed Robin
  1314 | D:2      | Killed Robin
  1315 | D:2      | Reached skill level 6 in Staves
  1315 | D:2      | Reached XP level 4. HP: 35/37 MP: 3/3
  1319 | D:2      | Noticed Sigmund
  1453 | D:2      | Identified the +1 robe of the Intense God {+Blink rF+}
  1464 | D:2      | Killed Sigmund
  1465 | D:2      | Reached skill level 8 in Staves
  1465 | D:2      | Reached XP level 5. HP: 33/42 MP: 4/4
  1465 | D:2      | Reached XP level 6. HP: 40/50 MP: 5/5
  1876 | D:3      | Found a runed translucent gate.
  1876 | D:3      | Found a runed translucent gate.
  1876 | D:3      | Found a runed translucent gate.
  1889 | D:3      | Noticed fingers's ghost (amateur TrCK)
  2172 | D:3      | Noticed Terence
  2179 | D:3      | Killed Terence
  2362 | D:3      | Noticed Natasha
  2368 | D:3      | Killed Natasha
  2837 | D:3      | Found a runed translucent door.
  2838 | D:3      | Noticed Crazy Yiuf
  2895 | D:3      | Killed Crazy Yiuf
  2948 | D:3      | Noticed Natasha
  2953 | D:3      | Killed Natasha
  2954 | D:3      | Reached skill level 9 in Staves
  2962 | D:3      | Noticed Natasha
  2968 | D:3      | Killed Natasha
  3218 | D:4      | Reached XP level 7. HP: 52/56 MP: 6/6
  3457 | D:4      | Reached skill level 10 in Staves
  3973 | D:5      | Entered Level 5 of the Dungeon
  4242 | D:5      | Noticed Blork the orc
  4257 | D:5      | Killed Blork the orc
  4258 | D:5      | Reached skill level 11 in Staves
  4296 | D:5      | Found a shimmering blue altar of Sif Muna.
  4643 | D:5      | Reached XP level 8. HP: 60/62 MP: 7/7
  4740 | D:5      | Found an ornate altar of the Wu Jian Council.
  4986 | D:5      | Reached skill level 12 in Staves
  5307 | D:6      | Found a staircase to the Ecumenical Temple.
  5325 | Temple   | Entered the Ecumenical Temple
  5449 | Temple   | Became a worshipper of Hepliaklqana the Forgotten
  5541 | D:6      | Reached skill level 13 in Staves
  6243 | D:6      | Found a bloodstained altar of Trog.
  6329 | D:6      | Reached skill level 14 in Staves
  6518 | D:7      | Reached skill level 1 in Armour
  6536 | D:7      | Reached XP level 9. HP: 47/70 MP: 8/8
  7231 | D:7      | Reached * piety under Hepliaklqana
  7593 | D:7      | Reached skill level 5 in Fighting
  7840 | D:7      | Reached skill level 5 in Armour
  8216 | D:8      | Got Vehumet's Catalogue of Striking
  8282 | D:8      | Noticed a death yak
  8388 | D:8      | Found a shadowy altar of Dithmenos.
  8550 | D:8      | Found a burning altar of Makhleb.
  8582 | D:8      | Noticed a death yak
  8594 | D:8      | Noticed a death yak
  8613 | D:9      | HP: 2/70 [river rat (4)]
  8963 | D:9      | Found a runed translucent door.
  8963 | D:9      | Noticed freelancePsychic's ghost (novice FoFE)
  8983 | D:9      | Noticed a kobold demonologist
  8986 | D:9      | Noticed a kobold demonologist
  9003 | D:9      | Found a staircase to the Orcish Mines.
  9133 | D:8      | HP: 2/71 [orc warrior/bolt (11)]
  9135 | D:8      | Mangled by an orc warrior

Illustrated notes

Levels and vault maps discovered:
D:1:      ebering_hopf_link, layout_basic
D:2:      minmay_spotlight, layout_rooms, st_stairs_13, serial_bayou_pond_a,
          uniq_sigmund, uniq_robin
D:3:      layout_basic, gammafunk_ghost_necromancy, uniq_crazy_yiuf_cottage,
          uniq_terence, uniq_natasha
D:4:      layout_loops_ring
D:5:      minmay_chambers_of_fours, layout_loops_ring,
          pdpol_wu_jian_five_deadly_venoms, tgw_sif
D:6:      layout_basic, trog_hazing_becter, minmay_temple_entry_antechambers
D:7:      layout_basic
D:8:      layout_rooms, mainiacjoe_overflow_two_lobes, dpeg_lair_monsters
D:9:      layout_basic, lemuel_coloured_pillars_altar,
          mainiacjoe_overflow_six_doors_small, orc_0_dummy,
          hellmonk_ghost_happy_afterlife, hangedman_decor_push
Temple:   nicolae_temple_two_arcs

Skill      XL: |  1  2  3  4  5  6  7  8  9 |
---------------+----------------------------+-----
Staves         | 4 5 6 8 9 11 14 | 14.0
Armour         | 2 6 |  6.5
Fighting       | 3 7 |  7.1
Throwing       | |  2.0
Dodging        | |  3.2

Action                   |  1- 3 |  4- 6 |  7- 9 || total
-------------------------+-------+-------+-------++-------
Melee: Quarterstaff      |    72 |    93 |   387 ||   552
       Headbutt          |     9 |    11 |    73 ||    93
Throw: Javelin           |       |       |     8 ||     8
       Throwing net      |       |       |     2 ||     2
Evoke: Wand              |       |       |    13 ||    13
  Use: Scroll            |       |       |    13 ||    13
       Potion            |       |       |     5 ||     5
 Stab: Distracted        |       |       |     1 ||     1
Armor: Leather armour    |    16 |       |       ||    16
       Plate armour      |     7 |    46 |   168 ||   221
Dodge: Dodged            |    43 |    23 |   109 ||   175
